 Dungeon Crawl Stone Soup version 0.20.0 (webtiles) character file.

1611 ChungusAmongUs the Basher (level 8, 0/99 HPs)
             Began as a Minotaur Berserker on July 24, 2017.
             Was an Elder of Trog.
             Succumbed to a hornet's poison
             ... on level 6 of the Dungeon.
             The game lasted 00:13:41 (5862 turns).

ChungusAmongUs the Basher (Minotaur Berserker)      Turns: 5862, Time: 00:13:42

Health: 0/99       AC: 11    Str: 28    XL:     8   Next: 63%
Magic:  7/7        EV:  8    Int:  4    God:    Trog [****..]
Gold:   299        SH:  0    Dex: 13    Spells: 7/7 levels left

rFire    . . .     SeeInvis .   t - +0 flail
rCold    . . .     Gourm    .   (no shield)
rNeg     . . .     Faith    .   D - +0 plate armour
rPois    .         Spirit   .   (helmet restricted)
rElec    .         Reflect  .   (no cloak)
rCorr    +         Harm     .   (no gloves)
MR       .....                  (no boots)
Stlth    ..........             (no amulet)
Regen    0.3/turn               l - +2 ring of strength
MPRegen  0.1/turn               p - ring of resist corrosion

@: berserking, lethally poisoned (0 -> -7), slowed
A: retaliatory headbutt, horns 2
a: Berserk, Trog's Hand, Brothers in Arms, Burn Spellbooks, Renounce Religion


You were on level 6 of the Dungeon.
You worshipped Trog.
Trog was greatly pleased with you.
You were very hungry.

You visited 1 branch of the dungeon, and saw 6 of its levels.

You collected 299 gold pieces.

Inventory:

Hand Weapons
 f - a +0 whip
 i - a +0 whip
 t - a +0 flail (weapon)
Armour
 h - a +0 large shield
 s - a +0 chain mail
 D - a +0 plate armour (worn)
Jewellery
 l - a +2 ring of strength (left hand)
 o - an uncursed ring of protection from magic {unknown}
 p - a ring of resist corrosion (right hand)
 y - a cursed -2 ring of strength
Scrolls
 d - a scroll of magic mapping
 e - 4 scrolls of recharging
 j - a scroll of silence {unknown}
 k - 2 scrolls of teleportation
 m - a scroll of noise {unknown}
 n - a scroll of enchant weapon {unknown}
 u - 2 scrolls of blinking {unknown}
 v - a scroll of fog {unknown}
Potions
 a - a potion of lignification
 g - 3 potions of flight
 q - a potion of brilliance {unknown}
 w - a potion of curing {unknown}
 x - a potion of ambrosia {unknown}
 z - a potion of haste {unknown}
 B - a potion of mutation {unknown}
Comestibles
 b - 4 royal jellies
 c - 6 bread rations
 r - a meat ration
 A - 4 fruits
 C - 10 chunks of flesh


   Skills:
 + Level 4.2 Fighting
 - Level 12.4 Maces & Flails
 + Level 3.0 Armour
 + Level 2.9 Dodging
 * Level 2.3 Shields


You had 7 spell levels left.
You didn't know any spells.

Dungeon Overview and Level Annotations

Branches:
Dungeon (6/15)
 Temple: D:4-7

Altars:
Ashenzari
Cheibriados
Dithmenos
Uskayaw
Vehumet
Zin


Innate Abilities, Weirdness & Mutations

You reflexively headbutt those who attack you in melee.
You have a pair of horns on your head.


Message History

The orc priest calls down the wrath of Beogh upon you.
Beogh smites you!
* * * LOW HITPOINT WARNING * * *
The hornet stings you.
* * * LOW HITPOINT WARNING * * *
You feel as though you will be slow longer.
You closely miss the hornet.
The hornet is severely wounded.
You feel sick.
The orc priest casts a cantrip, but nothing happens.
The hornet stings you!
* * * LOW HITPOINT WARNING * * *
You feel as though you will be slow longer.
You thump the hornet!
You kill the hornet!
Trog accepts your kill.
Your Fighting skill increases to level 4!
Your Armour skill increases to level 3!
Your Shields skill gained 2 levels and is now at level 2!
You die...

##### ### # ###..%.
..######### .. .....#
#.#.......# #.
#.#.###.#.#####.#
##..#.....#.#.#####.##
.....5#.#........#...# .
#oooc...#........#
....###)#####.##.#...###
.......@# #...........
.#.###### #.#.........
######.).........
#.......###...###
#.............###
#.........#.....
#.....#.#.#<.####
#.....#..#)..#
#######.###..#


You could see a centaur, an orc priest, a crimson imp and an orc.

Vanquished Creatures
  Grinder (D:6)
  A hornet (D:6)
  An orc warrior (D:6)
  A sky beast (D:6)
  2 ogres
  3 scorpions
  2 howler monkeys (D:5)
  A centaur zombie (D:6)
  2 hounds
  A gnoll shaman (D:4)
  6 orc wizards (D:6)
  2 worker ants (D:5)
  A hound zombie (D:5)
  2 hound skeletons
  10 gnolls
  2 adders
  A shadow imp (D:5)
  2 oozes (D:1)
  3 worms
  3 dart slugs
  8 leopard geckos
  15 orcs
  3 ball pythons
  5 bats
  6 giant cockroaches
  10 goblins
  14 hobgoblins
  6 jackals
  9 kobolds
  5 quokkas
  4 frilled lizards
  9 rats
141 creatures vanquished.

Notes
Turn   | Place    | Note
-------+----------+-------------------------------------------
     0 | D:1      | ChungusAmongUs the Minotaur Berserker began the quest for the Orb.
     0 | D:1      | Reached XP level 1. HP: 19/19 MP: 0/0
    15 | D:1      | Reached skill level 4 in Maces & Flails
   216 | D:1      | Reached XP level 2. HP: 26/26 MP: 1/1
   499 | D:1      | Reached skill level 5 in Maces & Flails
   667 | D:1      | Reached XP level 3. HP: 29/31 MP: 2/2
  1133 | D:1      | Reached ** piety under Trog
  1226 | D:2      | Found a glowing silver altar of Zin.
  1322 | D:2      | Reached skill level 6 in Maces & Flails
  1322 | D:2      | Reached XP level 4. HP: 39/39 MP: 3/3
  2499 | D:3      | Reached XP level 5. HP: 45/45 MP: 4/4
  2516 | D:3      | Found a shattered altar of Ashenzari.
  2521 | D:3      | Found a snail-covered altar of Cheibriados.
  2521 | D:3      | Found a shadowy altar of Dithmenos.
  2522 | D:3      | Found a radiant altar of Vehumet.
  2524 | D:3      | Found a hide-covered altar of Uskayaw.
  2608 | D:3      | Reached skill level 7 in Maces & Flails
  2610 | D:3      | Reached *** piety under Trog
  3070 | D:3      | Reached skill level 8 in Maces & Flails
  3397 | D:4      | Noticed an ogre
  3401 | D:4      | Killed an ogre
  3401 | D:4      | Reached XP level 6. HP: 45/51 MP: 5/5
  3623 | D:4      | Reached skill level 9 in Maces & Flails
  3982 | D:5      | Entered Level 5 of the Dungeon
  4181 | D:5      | Reached XP level 7. HP: 47/57 MP: 6/6
  4329 | D:5      | Reached skill level 10 in Maces & Flails
  4971 | D:6      | Reached **** piety under Trog
  5000 | D:6      | Reached skill level 11 in Maces & Flails
  5168 | D:6      | Noticed Grinder
  5173 | D:6      | Paralysed by Grinder for 5 turns
  5182 | D:6      | Killed Grinder
  5182 | D:6      | Reached XP level 8. HP: 19/64 MP: 7/7
  5582 | D:6      | Reached skill level 12 in Maces & Flails
  5846 | D:6      | Noticed a hornet
  5853 | D:6      | Paralysed by a hornet for 3 turns
  5861 | D:6      | HP: 1/99 [hornet (10)]
  5862 | D:6      | Killed a hornet
  5862 | D:6      | Succumbed to a hornet's poison

Skill      XL: |  1  2  3  4  5  6  7  8 |
---------------+-------------------------+-----
Maces & Flails | 4 5 6 8 9 11 12 | 12.4
Fighting       | 4 |  4.2
Armour         | 3 |  3.0
Shields        | 2 |  2.3
Dodging        | |  2.9

Action                   |  1- 3 |  4- 6 |  7- 9 || total
-------------------------+-------+-------+-------++-------
Melee: Mace              |    58 |    80 |       ||   138
       Headbutt          |     7 |    28 |    27 ||    62
       Flail             |       |    63 |   141 ||   204
Invok: Burn Spellbooks   |       |     1 |     1 ||     2
       Berserk           |       |       |     2 ||     2
  Use: Scroll            |     1 |     9 |       ||    10
  Eat: Chunk             |     1 |     9 |     1 ||    11
       Meat ration       |       |       |     1 ||     1
Armor: Animal skin       |     5 |       |       ||     5
       Leather armour    |     3 |     5 |       ||     8
       Scale mail        |       |    11 |       ||    11
       Chain mail        |       |    48 |    48 ||    96
       Plate armour      |       |       |    13 ||    13
Dodge: Dodged            |    37 |    48 |    33 ||   118
